AoeStats
← Adams1491

Arena

508678474Analyzed
4v4 RM · 9d ago on Sep 23, 2026· 44m 1s· 8 players
Game mode
Random Map
Map size
Large (8 player)
Population
200
Speed
Normal
Resources
Standard
Victory
Conquest
Starting age
Dark Age
Ending age
Imperial Age
RankedLock teamsTeams togetherTeam positionsShared explorationLock speedFull tech treeHidden civsTurbo modeCheats
Victory
Defeat
1593
+10
🇹🇼 Persians · Taiwan
1588
+10
🇹🇼 Byzantines · Taiwan
1575
+11
🇹🇼 Saxons · Taiwan
1505
+13
🇲🇽 Mongols · Mexico
1546
-14
🇭🇰 Varangians · Hong Kong SAR China
1499
-12
🇻🇳 Italians · Vietnam
1391
-9
🇹🇼 Danes · Taiwan
1389
-9
Manu
7:41 Feudal Age
11:34 Loom
12:44 Double-Bit Axe
15:02 Castle Age
13:09 Horse Collar
16:44 Bow Saw
18:15 Wheelbarrow
17:57 Town Watch
20:54 Heavy Plow
23:13 Stone Mining
24:51 Stone Shaft Mining
25:04 Hand Cart
29:46 Imperial Age
27:07 Fletching
27:27 Gold Mining
28:54 Bloodlines
28:45 Husbandry
29:22 Bodkin Arrow
29:54 Ballistics
31:03 Gold Shaft Mining
30:29 Bracer
32:14 Chemistry
31:52 Parthian Tactics
31:33 Thumb Ring
32:02 Elite Mangudai
33:30 Conscription
33:40 Masonry
34:55 Hoardings
34:44 Murder Holes
35:24 Fortified Wall
36:23 Siege Engineers
36:47 Padded Archer Armor
36:45 Elite Skirmisher
39:59 Leather Archer Armor
609170940
10:14 Feudal Age
10:56 Double-Bit Axe
13:43 Castle Age
11:52 Horse Collar
15:08 Bow Saw
16:15 Loom
18:03 Wheelbarrow
19:38 Heavy Plow
21:24 Hand Cart
26:37 Imperial Age
24:29 Loom
24:53 Stone Mining
24:53 Gold Mining
27:35 Stone Shaft Mining
27:27 Scale Barding Armor
27:32 Forging
27:59 Conscription
28:39 Crop Rotation
29:10 Two-Man Saw
27:50 Elite Jarl
28:51 Chain Barding Armor
29:50 Bloodlines
29:40 Husbandry
31:06 Iron Casting
33:33 Blast Furnace
33:08 Plate Barding Armor
33:21 Plate Barding Armor
41:25 Padded Archer Armor
41:15 Fletching
41:51 Ballistics
42:31 Chemistry
42:03 Caravan
42:33 Elite Skirmisher
43:30 Leather Archer Armor
43:10 Bodkin Arrow
43:31 Leather Archer Armor
Adams1491
11:28 Feudal Age
15:12 Castle Age
13:05 Double-Bit Axe
13:04 Horse Collar
16:45 Wheelbarrow
16:57 Bow Saw
22:12 Gold Mining
22:15 Stone Mining
24:19 Hand Cart
23:50 Town Watch
23:51 Loom
24:28 Heavy Plow
24:33 Scale Mail Armor
26:50 Gold Shaft Mining
27:28 Forging
30:00 Imperial Age
28:13 Chain Mail Armor
29:01 Iron Casting
29:47 Squires
29:08 Pikeman
29:35 Gambesons
30:02 Hamask
30:32 Arson
31:11 Conscription
30:20 Onager
31:04 Halberdier
33:03 Plate Mail Armor
31:59 Onager
33:35 Siege Engineers
34:26 Northmen's Fury
36:30 Blast Furnace
36:02 Block Printing
36:51 Sanctity
38:09 Illumination
37:55 Fervor
38:29 Redemption
40:02 Chemistry
38:55 Siege Onager
mryendl2410
12:17 Feudal Age
14:01 Double-Bit Axe
16:34 Castle Age
14:46 Horse Collar
14:57 Gold Mining
17:07 Loom
21:32 Imperial Age
19:02 Fletching
20:00 Bodkin Arrow
21:36 Bow Saw
23:16 Bracer
26:29 Padded Archer Armor
31:21 Leather Archer Armor
32:38 Ballistics
38:58 Ring Archer Armor
39:29 Chemistry
38:23 Elite Skirmisher
38:38 Crossbowman
39:41 Arbalester
41:02 Wheelbarrow
40:30 Heavy Plow
44:43 Two-Man Saw
Old_two
9:39 Feudal Age
13:19 Castle Age
11:31 Double-Bit Axe
11:58 Horse Collar
14:27 Bow Saw
16:28 Loom
22:50 Wheelbarrow
23:53 Gold Mining
24:36 Hand Cart
28:14 Imperial Age
27:01 Gold Shaft Mining
26:46 Stone Mining
26:59 Heavy Plow
27:17 Forging
27:12 Scale Barding Armor
27:17 Forging
27:15 Scale Barding Armor
28:15 Stone Shaft Mining
28:21 Husbandry
28:31 Bloodlines
28:58 Iron Casting
28:53 Guilds
29:24 Chain Barding Armor
30:15 Two-Man Saw
29:50 Crop Rotation
31:00 Blast Furnace
30:08 Elite War Elephant
31:50 Plate Barding Armor
31:42 Conscription
33:10 Coinage
33:21 Coinage
35:07 Banking
41:46 Masonry
BøM_antihack.exe
11:10 Feudal Age
14:52 Castle Age
12:46 Double-Bit Axe
12:42 Horse Collar
16:15 Bow Saw
23:15 Wheelbarrow
24:37 Stone Mining
24:38 Gold Mining
27:53 Imperial Age
27:46 Gold Shaft Mining
27:46 Loom
28:17 Hand Cart
29:00 Fervor
29:10 Sanctity
29:01 Redemption
28:17 Pikeman
28:58 Squires
29:22 Scale Mail Armor
29:32 Forging
29:32 Heavy Plow
29:52 Arson
29:29 Halberdier
30:45 Block Printing
31:15 Chain Mail Armor
31:36 Iron Casting
31:45 Illumination
31:55 Theocracy
32:59 Plate Mail Armor
34:22 Conscription
39:50 Coinage
39:49 Logistica
41:21 Elite Varangian Guard
43:33 Greek Fire
44:34 Chemistry
43:27 Fletching
43:38 Padded Archer Armor
Tensorflow
10:39 Feudal Age
12:14 Double-Bit Axe
12:10 Horse Collar
14:53 Castle Age
16:06 Bow Saw
16:27 Heavy Plow
19:28 Wheelbarrow
18:39 Loom
18:40 Town Watch
20:48 Gold Mining
21:07 Fletching
22:00 Bodkin Arrow
21:58 Crossbowman
22:59 Padded Archer Armor
23:34 Ballistics
23:51 Thumb Ring
24:13 Leather Archer Armor
28:35 Hand Cart
32:41 Imperial Age
35:02 Arbalester
35:46 Bracer
37:35 Conscription
40:15 Chemistry
40:19 Ring Archer Armor
40:01 Masonry
39:31 Treadmill Crane
40:29 Forging
40:19 Scale Mail Armor
40:03 Pikeman
40:43 Squires
40:43 Halberdier
41:23 Squires
41:08 Arson
42:52 Iron Casting
42:18 Scale Mail Armor
43:26 Shield Wall
44:12 Squires
44:28 Chain Mail Armor
再吵去東湖框你媽出場
11:06 Feudal Age
11:51 Double-Bit Axe
12:20 Horse Collar
15:07 Castle Age
16:00 Bow Saw
16:01 Heavy Plow
20:55 Wheelbarrow
22:47 Gold Mining
23:26 Hand Cart
24:34 Stone Mining
26:22 Loom
29:36 Imperial Age
27:42 Scale Mail Armor
27:28 Treadmill Crane
27:42 Town Watch
28:41 Chain Mail Armor
28:36 Forging
28:51 Squires
28:11 Pikeman
30:18 Iron Casting
29:51 Scale Barding Armor
30:16 Capped Ram
30:51 Elite Varangian Guard
32:20 Plate Mail Armor
31:29 Gothikon
33:43 Blast Furnace
32:17 Halberdier
33:10 Siege Ram
33:55 Arson
35:40 Chain Barding Armor
36:58 Conscription
36:52 Bloodlines
36:43 Husbandry
37:39 Fletching
39:37 Bodkin Arrow
40:00 Masonry
42:49 Plate Barding Armor
42:14 Bracer
43:03 Crop Rotation
42:33 Elite Jarl
43:56 Caravan
44:59 Stone Shaft Mining
Connection lost

Rejoining the realm…

Still unreachable

The connection could not be restored.

Session expired

The server has moved on; the page needs a fresh start.